 Dungeon Crawl Stone Soup version 0.27.1 (webtiles) character file.

Game seed: 11800362686578175377

2 ZARRMARR the Chiller (level 1, 0/14 HPs)
             Began as a Ghoul Ice Elementalist on Aug 24, 2021.
             Slain by a kobold (3 damage)
             ... on level 1 of the Dungeon.
             The game lasted 00:00:13 (30 turns).

ZARRMARR the Chiller (Ghoul Ice Elementalist)         Turns: 30, Time: 00:00:13

Health: 0/14       AC:  2    Str: 11    XL:     1   Next: 30%
Magic:  0/2        EV: 12    Int: 10    God:
Gold:   0          SH:  0    Dex:  9    Spells: 2/3 levels left

rFire    . . .     SeeInvis .   (no weapon)
rCold    + . .     Faith    .   (no shield)
rNeg     + + +     Spirit   .   a - +0 robe
rPois    ∞         Reflect  .   (no helmet)
rElec    .         Harm     .   (no cloak)
rCorr    .         Rampage  .   (no gloves)
Will     .....                  (no boots)
Stlth    ++........             (no amulet)
HPRegen  0.00/turn              (no ring)
MPRegen  0.08/turn              (no ring)

@: inhibited regen
A: claws 1, cold resistance 1, negative energy resistance 3, inhibited
regeneration, torment resistance 2
a: no special abilities


You were on level 1 of the Dungeon.
You visited 1 branch of the dungeon, and saw 1 of its levels.

Inventory:

Armour
 a - a +0 robe (worn)
Scrolls
 b - a scroll of identify {unknown}


   Skills:
 + Level 1.7 Dodging
 + Level 2.1 Stealth
 + Level 1.7 Spellcasting
 + Level 4.5 Ice Magic


You had 2 spell levels left.
You knew the following spells:

 Your Spells              Type           Power      Damage    Failure   Level
a - Freeze                Ice            36%        1d6       4%          1

Your spell library contained the following spells:

 Spells                   Type           Power      Damage    Failure   Level
 Frozen Ramparts          Ice            18%        1d3       16%         3
 Ozocubu's Armour         Ice            9%         N/A       16%         3
 Hailstorm                Conj/Ice       5%         3d4       77%         4


Dungeon Overview and Level Annotations

Branches:
Dungeon (1/15)

Altars:


Innate Abilities, Weirdness & Mutations

You thrive by killing the living.
You are immune to poison.
You have sharp fingernails.
Your flesh is cold resistant. (rC+)
You are immune to negative energy. (rN+++)
You do not regenerate when monsters are visible.
You are immune to unholy pain and torment.


Message History

Casting: Freeze (safe; 5% risk of failure)
Confirm with . or Enter, or press ? or * to list all spells.
Aiming: Freeze (safe; 5% risk of failure)
Press: ? - help, Shift-Dir - straight line, f - goblin
Aim: a goblin, wielding a +0 dagger You freeze the goblin.
The goblin is severely wounded.
The kobold throws a stone.
The stone barely misses you. The goblin hits you but does no damage.
A hobgoblin comes into view.
Casting: Freeze (safe; 5% risk of failure)
Confirm with . or Enter, or press ? or * to list all spells.
Aiming: Freeze (safe; 5% risk of failure)
Press: ? - help, Shift-Dir - straight line, f/p - goblin
Aim: a goblin, wielding a +0 dagger (severely wounded)
You freeze the goblin.
You kill the goblin!
The kobold throws a stone.
The stone closely misses you.
Unknown command.
The kobold hits you with a +0 short sword.
Casting: Freeze (safe; 5% risk of failure)
Confirm with . or Enter, or press ? or * to list all spells.
You don't have enough magic to cast this spell.
You scratch the kobold but do no damage.
The kobold closely misses you.
You closely miss the kobold.
The kobold hits you with a +0 short sword.
You scratch the kobold.
You kill the kobold!
You feel better.
Things that are here:
a +0 short sword; 5 stones; a kobold corpse You barely miss the kobold.
The kobold barely misses you. The kobold hits you with a +0 dagger.
You scratch the kobold.
You kill the kobold!
You feel better. The kobold hits you with a +0 dagger.
* * * LOW HITPOINT WARNING * * *
The kobold hits you with a +0 dagger.
You die...

.... .... ###
..... .. ...K.
#.## ...... #..#
......###)#######
..)....#K@.......
......g....###.##
...?..##...#
..... #.### .#
.... #.# PP .#
... #.#####≈PP .#
.. #...≈P≈# .# #
#.##P≈≈# .#
#.##PPP# ###.#


You could see a hobgoblin and a kobold.

Vanquished Creatures
  A goblin (D:1)
  2 kobolds (D:1)
3 creatures vanquished.

Notes
Turn   | Place    | Note
-------+----------+-------------------------------------------
     0 | D:1      | ZARRMARR the Ghoul Ice Elementalist began the quest for the
                  | Orb.
     0 | D:1      | Reached XP level 1. HP: 14/14 MP: 2/2
    30 | D:1      | Slain by a kobold

Illustrated notes

Levels and vault maps discovered:
D:1:      psy_arrival_conway, layout_basic, chequers_serial_rivers_micro_b,
          serial_park_tiny_pond, minmay_tetromino_o4

Action                   || total
-------------------------++-------
Melee: Unarmed           ||     5
 Cast: Freeze            ||     2
Armor: Robe              ||     1
Dodge: Dodged            ||     4
